[Event "Early-Titled-Tuesday-Blitz-March-19-2024"]
[Site "Chess.com"]
[Date "2024.03.19"]
[Round "4"]
[White "aljado"]
[Black "cthulhuuu"]
[Result "0-1"]
[WhiteElo "2082"]
[BlackElo "2367"]
[TimeControl "180+1"]
[EndTime "8:40:38 PDT"]
[Termination "cthulhuuu won on time"]

1. e4 d6 2. d4 Nf6 3. Nc3 c6 4.
Nf3 Bg4 5. h3 Bh5 6. Bd3 e6 7.
O-O d5 8. e5 Nfd7 9. Be3 c5 10.
Nb5 Nc6 11. Nd6+ Bxd6 12. exd6 cxd4 13. Bf4 e5 14. g4 Bg6 15. Bxg6 hxg6 16. Nxe5 Ndxe5 17. Bxe5 Nxe5 18. Re1 Qxd6 19. Qxd4 f6 20. f4 O-O-O 21.
fxe5 fxe5 22. Rxe5 Rxh3 23. Rae1 Kb8 24. Kg2 Rh4 25.
Rf1 Rdh8 26. Rf7 Rh2+ 27. Kg1 Rh1+ 28. Kg2 R8h2+ 29. Kg3 Re2 30. Re7 Rhe1 31. Re8+ Kc7 32. Qc3+ Qc6 33. Qxc6+ bxc6 34. Rxe2 Rg1+ 35. Kh4 Rb1 36. b3 Kd6 37. Kg5 Rb2 38. R8e6+ Kc5 39. a3 a5 40. Rxg6 d4 41. Re5+ Kb6 42. Re2 d3 43. cxd3 Rxe2 44. Rxg7 Re3 45. Rg6 Rxd3 46. Kh6 Rxb3 47. g5 Rxa3 48. Rf6 Rh3+ 0-1

[Event "Early-Titled-Tuesday-Blitz-March-19-2024"]
[Site "Chess.com"]
[Date "2024.03.19"]
[Round "4"]
[White "OparinGrigoriy"]
[Black "AlexPapasimakopoulos"]
[Result "1-0"]
[WhiteElo "2986"]
[BlackElo "2745"]
[TimeControl "180+1"]
[EndTime "8:40:39 PDT"]
[Termination "OparinGrigoriy won by checkmate"]

1. Nc3 d5 2. d4 Bf5 3. Bf4 e6 4. e3 Bb4 5. Bd3 Bg6 6. Ne2 Nf6 7. O-O O-O 8. Nb5 Ba5 9. c4 a6 10. Nbc3 dxc4 11. Bxc4 Nh5 12. Rc1 Nd7 13. h3 Nxf4 14. Nxf4 c6 15. Bb3 Bc7 16. Nxg6 hxg6 17. g3 Qg5 18. Kg2 Nf6 19. Qf3 Rfd8 20. Na4 Qf5 21. Nc5 Rab8 22. h4 Qxf3+ 23. Kxf3 Bd6 24. Nd3 Be7 25.
Rfd1 Kf8 26. g4 Nd5 27. Rh1 Nf6 28. Ne5 Bd6 29. Nc4 Bc7 30. g5 Nd5 31. Nd2 Ke7 32.
Ne4 Rh8 33. Nc5 Bd6 34. e4 Nc7 35. Na4 Nb5 36. Rcd1 Rbd8 37. Nc3 Bc7 38. Nxb5 axb5 39. d5 exd5 40. exd5 c5 41. d6+ Rxd6 42. Rhe1+ Kf8 43. Rxd6 Bxd6 44. Kg4 c4 45. Bc2 Bc5 46. Re2 Bd4 47.
Be4 f5+ 48. gxf6 Bxf6 49. Bxg6 Be7 50. h5 b4 51. Re4 b5 52. Re5 Rh6 53. Rf5+ Bf6 54.
Rxb5 c3 55. bxc3 bxc3 56. Rb7 Bd4 57. Rc7 Bxf2 58. Rf7+ Kg8 59. Rxf2 c2 60. Rxc2 Kh8 61.
Rc8# 1-0

[Event "Early-Titled-Tuesday-Blitz-March-19-2024"]
[Site "Chess.com"]
[Date "2024.03.19"]
[Round "4"]
[White "TitarovVasiliYouTube"]
[Black "VladimirBugayev"]
[Result "1-0"]
[WhiteElo "2535"]
[BlackElo "2327"]
[TimeControl "180+1"]
[EndTime "8:40:39 PDT"]
[Termination "TitarovVasiliYouTube won on time"]

1. e4 c6 2. d4 d5 3. exd5 cxd5 4. Bd3 Nc6 5. c3 Nf6 6. Nf3 Bg4 7. Be3 e6 8. Nbd2 Bd6 9. O-O O-O 10. Qc2 Bxf3 11. Nxf3 Rc8 12. a3 h6 13. Qc1 Ng4 14. Bd2 e5 15. Bf5 e4 16. Bxg4 exf3 17. Bxf3 Nxd4 18. Bd1 Qh4 19. g3 Qf6 20. Be3 Nc6 21. Qd2 Rfd8 22. Bg4 Rc7 23. Be2 Be5 24. f4 Bd6 25. Rad1 Be7 26.
Bf3 Rcd7 27. Qg2 Na5 28. Rxd5 Nc4 29. Bd4 Qe6 30. Rxd7 Rxd7 31. Bxb7 Ne3 32. Re1 Nxg2 33. Rxe6 fxe6 34. Bc8 Rd6 35. Kxg2 Bf6 36. Bxa7 Rd2+ 37. Kf3 Rxb2 38. Bxe6+ Kf8 39. c4 Ke8 40. Bc5 Rxh2 41. a4 Ra2 42. Bd5 Be7 43. Bc6+ Kd8 44. Bb6+ Kc8 45.
a5 Bb4 46. Bd4 Bxa5 47. Bxg7 Ra3+ 48. Kg4 Be1 49. Bxh6 Rxg3+ 50. Kf5 Rc3 51. Bd5 Kc7 52. Bg7 Bd2 53. Bxc3 Bxc3 54. Ke6 Kb6 55. f5 1-0

[Event "Early-Titled-Tuesday-Blitz-March-19-2024"]
[Site "Chess.com"]
[Date "2024.03.19"]
[Round "4"]
[White "santosalberto1987"]
[Black "js20000"]
[Result "0-1"]
[WhiteElo "2564"]
[BlackElo "2792"]
[TimeControl "180+1"]
[EndTime "8:40:40 PDT"]
[Termination "js20000 won on time"]

1. e4 c6 2. c4 e6 3. d4 d5 4. Nc3 Bb4 5. cxd5 exd5 6. e5 Bf5 7. Bd3 Ne7 8. f4 Qa5 9. Qc2 Bxd3 10. Qxd3 Qa6 11. Qxa6 Nxa6 12. Nf3 h5 13. Be3 Nf5 14. Bf2 Nc7 15. a3 Ba5 16. g3 Nb5 17. Kd2 c5 18. b4 Nxc3 19. Kxc3 cxb4+ 20. axb4 Bb6 21. Kd3 Rc8 22. Rhc1 Kd7 23. h3 f6 24. Rxc8 Rxc8 25. g4 hxg4 26. hxg4 Nh6 27. exf6 Nxg4 28. Ne5+ Nxe5+ 29. fxe5 gxf6 30. exf6 Ke6 31. Re1+ Kxf6 32. Re5 Rc4 33. b5 Rb4 34. Rxd5 Ke6 35. Rh5 Kd7 36. Rh7+ Kc8 37. Rh8+ Kd7 38. Rh7+ Ke6 39. Rh6+ Kf5 40. Rh5+ Kg4 41. Rd5 Kf3 42. Rf5+ Kg4 43. Rd5 Rb3+ 44. Kc4 Rf3 45. Be1 Rf1 46. Bb4 Rc1+ 47. Kd3 Rd1+ 48. Ke4 Rb1 49. Bc5 Rxb5 50. Bxb6 Rxb6 51. Rd7 a5 52.
Rg7+ Kh5 53. d5 a4 54. Ke5 a3 55. Rg1 Ra6 56. d6 Ra8 57. d7 b5 58. Rb1 b4 59.
Kd4 b3 60. Kc3 b2 0-1

[Event "Early-Titled-Tuesday-Blitz-March-19-2024"]
[Site "Chess.com"]
[Date "2024.03.19"]
[Round "4"]
[White "suyu28"]
[Black "rhungaski"]
[Result "1-0"]
[WhiteElo "2852"]
[BlackElo "2609"]
[TimeControl "180+1"]
[EndTime "8:40:41 PDT"]
[Termination "suyu28 won by resignation"]

1. d4 Nf6 2. c4 e5 3. dxe5 Ng4 4. Nf3 Bc5 5. e3 Nc6 6. Nc3 O-O 7. Be2 Re8 8. Nd5 Ncxe5 9. Nxe5 Nxe5 10. b4 Bf8 11. a3 a5 12. Rb1 c6 13. Nf4 axb4 14. axb4 d5 15. cxd5 Bf5 16. Rb2 Qf6 17. O-O Ra1 18. Qb3 cxd5 19. Rd2 d4 20. exd4 Nc6 21. Nd5 Qd6 22.
Ne3 Bg6 23. Bb2 Rxf1+ 24. Bxf1 Qxb4 25. Qd1 Rd8 26. d5 Ne7 27. d6 Nf5 28. Nxf5 Bxf5 29. Be5 f6 30. Bg3 Be6 31. h4 Rd7 32. h5 h6 33. Rd4 Qc5 34. Be2 Bf7 35. Bg4 f5 36.
Bf3 Be6 37. Bf4 Kf7 38. Qd2 Qb5 39. Bd5 Bxd5 40. Rxd5 Qb1+ 41. Kh2 Qe4 42. Rd4 Qe6 43. Qd3 Kg8 44. Rd5 b6 45. g3 Kh8 46. Rxf5 Bxd6 47.
Rd5 Bxf4 48. Rxd7 Bg5 49. Rb7 Qf6 50. Rb8+ 1-0

[Event "Early-Titled-Tuesday-Blitz-March-19-2024"]
[Site "Chess.com"]
[Date "2024.03.19"]
[Round "4"]
[White "JoliyRoger"]
[Black "AlexanderKing"]
[Result "0-1"]
[WhiteElo "2433"]
[BlackElo "2622"]
[TimeControl "180+1"]
[EndTime "8:40:42 PDT"]
[Termination "AlexanderKing won on time"]

1. d4 d5 2. c4 e6 3. Nc3 c5 4. cxd5 exd5 5. e3 Nc6 6. Nf3 Nf6 7. Bb5 cxd4 8. Nxd4 Bd7 9. O-O Bd6 10. b3 a6 11.
Bxc6 bxc6 12. Nce2 O-O 13. Ng3 Re8 14. Bb2 Ne4 15.
Rc1 Rc8 16. Qd3 a5 17. Nf3 Qe7 18. Nd4 Qf6 19. Ba1 Qg6 20. Qc2 h5 21. Nf3 Qg4 22.
Qb2 Re6 23. h3 Qg6 24. Nh4 Qh7 25. Nhf5 Be5 26. Qxe5 Rxe5 27. Bxe5 Bxf5 28. Ne2 Re8 29. Ba1 Bd7 30. Kh2 Qg6 31. Nf4 Qd6 32. Kg1 h4 33.
Bd4 g5 34. Nd3 Bf5 35. Rfd1 Qg6 36. Ne1 Re6 37. Nf3 f6 38. b4 axb4 39. Rb1 Nc3 40.
Rxb4 Nxd1 41. Rb8+ Kf7 42. Bc5 Be4 43. Nd4 Qh5 44.
Rb7+ Kg6 45. Nxe6 Qe2 46. Nf8+ Kf5 0-1

[Event "Early-Titled-Tuesday-Blitz-March-19-2024"]
[Site "Chess.com"]
[Date "2024.03.19"]
[Round "4"]
[White "wild3000"]
[Black "Rurep26"]
[Result "0-1"]
[WhiteElo "2434"]
[BlackElo "2725"]
[TimeControl "180+1"]
[EndTime "8:40:43 PDT"]
[Termination "Rurep26 won by resignation"]

1. e4 e6 2. Nf3 d5 3. e5 c5 4. b4 b6 5. b5 d4 6. a4 Bb7 7.
Bd3 Nd7 8. Qe2 Ne7 9. Na3 Ng6 10.
Nc4 Nf4 11. Qd1 Nxg2+ 12. Kf1 Nh4 13. Be2 g5 14. Rg1 Nxf3 15. Bxf3 Qc7 16. d3 h6 17. a5 Bxf3 18. Qxf3 Rb8 19. axb6 axb6 20. Qc6 Kd8 21. f4 Be7 22. Ke2 Nf8 23. Ra6 Qxc6 24. bxc6 Ng6 25. Nd6 Kc7 26. Nxf7 Rh7 27. Nd6 Kxc6 28.
Ra7 Rhh8 29. Nf7 Rhe8 30. fxg5 h5 31. Kf3 Rb7 32. Rxb7 Kxb7 33. Ke4 Rf8 34. Rf1 Kc6 35. Rf3 b5 36. Bd2 h4 37. Be1 Kd7 38. Nd6 Rxf3 39.
Kxf3 Nxe5+ 40. Ke4 Kxd6 41. Bxh4 Ng6 42. Bg3+ Kc6 43.
h4 Nf8 44. h5 Bxg5 45. Bf4 Bxf4 46. Kxf4 Kd5 47. Kg5 c4 48. Kf6 cxd3 49. cxd3 b4 50. Kg7 b3 51. h6 b2 52. Kxf8 b1=Q 53. h7 Qb8+ 54. Kg7 e5 55. h8=Q Qxh8+ 56. Kxh8 e4 57. Kg7 exd3 58. Kf6 d2 59. Kf5 d1=Q 60. Kf4 Qe2 61. Kg3 d3 0-1

[Event "Early-Titled-Tuesday-Blitz-March-19-2024"]
[Site "Chess.com"]
[Date "2024.03.19"]
[Round "4"]
[White "Kotofeyca"]
[Black "CarlosjPineror"]
[Result "0-1"]
[WhiteElo "2449"]
[BlackElo "2709"]
[TimeControl "180+1"]
[EndTime "8:40:43 PDT"]
[Termination "CarlosjPineror won on time"]

1. d4 Nf6 2. c4 e6 3. Nf3 Bb4+ 4. Nbd2 O-O 5. a3 Bxd2+ 6. Bxd2 Qe7 7. Bg5 h6 8. Bh4 b6 9. e3 Bb7 10. Be2 d6 11.
O-O Nbd7 12. b4 e5 13. d5 g5 14. Bg3 Rfe8 15. Nd2 Nf8 16. Qc2 e4 17. Nb3 Bc8 18. Nd4 Bd7 19. Rfd1 Ng6 20. Nb3 Ba4 21. Qc3 Bxb3 22.
Qxb3 h5 23. h3 h4 24. Bh2 Ne5 25. Qc3 Nfd7 26. Qd4 f5 27. Rac1 a5 28. Bxe5 Qxe5 29. Qxe5 Rxe5 30. Ra1 Ree8 31. Rdc1 Reb8 32. Kf1 Ra7 33.
f3 Kg7 34. fxe4 fxe4 35. Bg4 Ne5 36. Be6 Rba8 37. b5 Rf8+ 38. Ke2 Raa8 39. Rf1 Rxf1 40. Rxf1 Rf8 41. Bf5 Nxc4 42. a4 Rf7 43. Bxe4 Rxf1 44. Kxf1 Nxe3+ 45. Ke2 Nc4 46. Kd3 Ne5+ 47. Kd4 Kf6 48.
Bc2 Nd7 49. Bd1 Nc5 50. Bc2 Nd7 51. Bd3 Ne5 52. Be2 Kf5 53. Ke3 g4 54. hxg4+ Nxg4+ 55. Kd4 Ne5 56. Ke3 Kg5 57. Ke4 Nd7 58. Kd4 Nc5 59.
Bd1 Kf4 60. Kc4 Kg3 61. Bf3 Nxa4 0-1

[Event "Early-Titled-Tuesday-Blitz-March-19-2024"]
[Site "Chess.com"]
[Date "2024.03.19"]
[Round "4"]
[White "Gryffindorac8"]
[Black "GiorgianBarbosa"]
[Result "1-0"]
[WhiteElo "2381"]
[BlackElo "2546"]
[TimeControl "180+1"]
[EndTime "8:40:43 PDT"]
[Termination "Gryffindorac8 won by checkmate"]

1. d4 Nf6 2. c4 g6 3. Nc3 Bg7 4. e4 O-O 5. Nf3 c6 6. h3 d5 7. cxd5 cxd5 8. e5 Ne4 9. Bd3 Nxc3 10. bxc3 b6 11. Qe2 Nc6 12. O-O Na5 13. Bg5 Qd7 14.
Qe3 e6 15. Nh2 Nc4 16. Bxc4 dxc4 17. Bh6 Bb7 18. Ng4 f5 19. exf6 Bxh6 20. Qxh6 Rf7 21.
f3 Raf8 22. Ne5 Qd5 23. Nxf7 Rxf7 24. Qf4 h5 25. Rae1 Kh7 26. Qe5 Qd7 27. Qxe6 Qc7 28. Qe8 Bd5 29. Re7 Rxe7 30. Qxe7+ Qxe7 31. fxe7 Bc6 32. Re1 Be8 33. Kf2 Kg7 34. Kg3 Kf7 35. Kf4 Kf6 36. d5 g5+ 37. Kg3 h4+ 38. Kf2 b5 39. f4 gxf4 40. Kf3 a5 41. Kxf4 b4 42. cxb4 axb4 43. Re6+ Kf7 44. Ke3 c3 45. Kd3 Bb5+ 46.
Kc2 Ba4+ 47. Kc1 Bd7 48. Re4 b3 49. axb3 Ke8 50. d6 Be6 51. Rxe6 Kd7 52. e8=Q# 1-0

[Event "Early-Titled-Tuesday-Blitz-March-19-2024"]
[Site "Chess.com"]
[Date "2024.03.19"]
[Round "4"]
[White "MightyGMpretender"]
[Black "Lady_Nika"]
[Result "1-0"]
[WhiteElo "2806"]
[BlackElo "2579"]
[TimeControl "180+1"]
[EndTime "8:40:44 PDT"]
[Termination "MightyGMpretender won on time"]

1. d4 d5 2. Nf3 e6 3. g3 f5 4. Bg2 Nf6 5. O-O c6 6. Bf4 Bd6 7. e3 O-O 8. Nbd2 Qe7 9. Bxd6 Qxd6 10. c4 Nbd7 11. c5 Qe7 12. b4 a6 13. Ne5 Ne4 14. Nxd7 Bxd7 15. Nf3 Be8 16. Ne5 g5 17. f3 Nf6 18. a4 Nd7 19. Nd3 e5 20. f4 gxf4 21.
exf4 exd4 22. Re1 Qg7 23. b5 axb5 24. axb5 Bg6 25. Qb3 Rxa1 26. Rxa1 Qe7 27. Re1 Qd8 28. Re6 Re8 29. Rd6 Nxc5 30. Rxd8 Nxb3 31. Rd7 Re3 32. Rxb7 Rxd3 33. bxc6 Na5 34. Bxd5+ Kf8 35. Rb8+ Ke7 36. c7 Rc3 37. c8=Q Rxc8 38. Rxc8 Kd6 39. Rd8+ Kc5 40. Kf2 Bh5 41. Ke1 d3 42. Kd2 Be2 43. Ra8 Kb4 44. h3 h5 45. Rb8+ Kc5 46. Ra8 Kb4 47.
Rf8 Kc5 48. Rxf5 Kd4 49. Rg5 Kc5 50. g4 Kd4 51. gxh5 1-0

[Event "Early-Titled-Tuesday-Blitz-March-19-2024"]
[Site "Chess.com"]
[Date "2024.03.19"]
[Round "4"]
[White "Muracle"]
[Black "Dr_Pepper18"]
[Result "1-0"]
[WhiteElo "2552"]
[BlackElo "2350"]
[TimeControl "180+1"]
[EndTime "8:40:45 PDT"]
[Termination "Muracle won on time"]

1. d4 Nf6 2. Nf3 d5 3. g3 e6 4. Bg2 b5 5. O-O Be7 6. a4 b4 7.
c4 bxc3 8. bxc3 O-O 9. Ba3 Nbd7 10. Nbd2 c5 11. Ne5 Nxe5 12. dxe5 Nd7 13. f4 Ba6 14. c4 Rb8 15. cxd5 exd5 16. Re1 d4 17. Ne4 Qa5 18. e3 d3 19. Qg4 Bc8 20. Qh5 Bb7 21.
Qg4 Bc8 22. Qh5 Bb7 23. Rad1 Rfd8 24. Qg4 Qxa4 25. Rxd3 Bxe4 26. Bxe4 Qxe4 27. Rxd7 Rxd7 28. Qxd7 Bf8 29. Qxa7 Rb3 30. Bxc5 Bxc5 31. Qxc5 h6 32. Qc1 h5 33. Kf2 h4 34. Re2 h3 35. Qf1 Rb1 36.
Qxh3 Rh1 37. Qg2 Qb1 38. Qa8+ Kh7 39. Qg2 g6 40. Qh3+ Kg7 41. Qg2 Qc1 42. h4 Rd1 43. Qh3 Rh1 44. Qg2 Qa1 45. Kf3 Qa8+ 46. Kg4 Qa1 47. Kf3 Rf1+ 48. Kg4 Qd1 49. Kh3 Rh1+ 50.
Kg4 Qd7+ 51. Kf3 Qd6 52. exd6 1-0

[Event "Early-Titled-Tuesday-Blitz-March-19-2024"]
[Site "Chess.com"]
[Date "2024.03.19"]
[Round "4"]
[White "ikhasu"]
[Black "SAInt_666"]
[Result "0-1"]
[WhiteElo "2476"]
[BlackElo "2747"]
[TimeControl "180+1"]
[EndTime "8:40:46 PDT"]
[Termination "SAInt_666 won by checkmate"]

1. d4 Nf6 2. Nf3 d5 3. b3 Bf5 4.
Bb2 e6 5. Nbd2 h6 6. g3 Be7 7.
Bg2 O-O 8. O-O a5 9. a3 a4 10. b4 Nbd7 11. c4 c6 12. Re1 b5 13. c5 Re8 14. Ne5 Nxe5 15. dxe5 Nd7 16. e4 Bg6 17. f4 Nf8 18. Qe2 Qd7 19. Rad1 Rad8 20. Nf1 Qc8 21.
f5 exf5 22. exd5 cxd5 23. Qxb5 f4 24. gxf4 Be4 25. Bxe4 dxe4 26. Ng3 Qg4 27. Qe2 Qxf4 28. Qxe4 Qg5 29. c6 Ne6 30. Rd7 Rxd7 31. cxd7 Rd8 32. Bc1 Qg6 33. Rd1 Nf8 34. Qxg6 fxg6 35. Ne4 Rxd7 36. Rxd7 Nxd7 37. Bb2 Kf7 38. e6+ Kxe6 39. Bxg7 h5 40. Nc3 Nb6 41. Bd4 Bf6 42. Bxf6 Kxf6 43. Kf2 Ke5 44. Ke3 g5 45. Ne4 Nc4+ 46. Kf3 g4+ 47. Kg3 Kxe4 48. Kh4 Nxa3 49. Kxh5 Nb5 50.
Kxg4 a3 51. h4 a2 52. h5 a1=Q 53. h6 Qg1+ 54. Kh5 Kf5 55. Kh4 Qh2# 0-1

[Event "Early-Titled-Tuesday-Blitz-March-19-2024"]
[Site "Chess.com"]
[Date "2024.03.19"]
[Round "4"]
[White "Joachim100x"]
[Black "TV27"]
[Result "1/2-1/2"]
[WhiteElo "2505"]
[BlackElo "2259"]
[TimeControl "180+1"]
[EndTime "8:40:50 PDT"]
[Termination "Game drawn by repetition"]

1. e4 c5 2. Nf3 Nc6 3. Bb5 Qc7 4. O-O e5 5. Nc3 Nf6 6. d3 Be7 7. Bg5 O-O 8. Bxf6 Bxf6 9. Nd5 Qd8 10. a3 Nd4 11. Nxd4 cxd4 12. f4 d6 13. f5 a6 14. Bc4 b5 15. Ba2 Bb7 16. Qh5 Bxd5 17. Bxd5 Rb8 18. Rf3 Bg5 19. f6 gxf6 20. Raf1 Rc8 21. h4 Be3+ 22. Kh1 Rxc2 23. Rxf6 Rc1 24. Rxc1 Qxf6 25. Rd1 Kh8 26. Kh2 Qf4+ 27. Kh3 Rg8 28. Qf3 Qxf3+ 29. gxf3 Bf4 30. h5 Rg3+ 31. Kh4 Kg7 32. Rc1 Bxc1 33. Kxg3 Bxb2 34. Bb7 a5 35. Bc6 Bxa3 36. Bxb5 Bc1 37. Kg4 Kf6 38. Ba4 h6 39. Bb5 Bd2 40. Ba4 Bg5 41. Bb5 Ke7 42. Ba4 Kd8 43. Kf5 Kc7 44. Be8 f6 45. Ke6 Bh4 46. Kd5 Bg5 47. Ba4 Bc1 48. Bb5 Ba3 49. Ba4 Bc1 50. Kc4 Kb6 51. Kd5 Bg5 52. Bd7 Bf4 53. Ba4 Bg5 54. Be8 Kc7 55. Ba4 Bf4 56.
Be8 Bg5 1/2-1/2

[Event "Early-Titled-Tuesday-Blitz-March-19-2024"]
[Site "Chess.com"]
[Date "2024.03.19"]
[Round "4"]
[White "FREZZY23"]
[Black "DrCeltic"]
[Result "0-1"]
[WhiteElo "2412"]
[BlackElo "2574"]
[TimeControl "180+1"]
[EndTime "8:40:52 PDT"]
[Termination "DrCeltic won on time"]

1. Nf3 Nf6 2. g3 c5 3. Bg2 e6 4.
O-O Be7 5. c4 O-O 6. Nc3 d6 7. d4 cxd4 8. Nxd4 a6 9. h3 Qc7 10. b3 Nbd7 11. e4 Ne5 12. Ba3 Bd7 13.
Qd2 Rac8 14. Rfd1 Rfd8 15. Rac1 Qb8 16. Qe2 Ng6 17. f4 h5 18. f5 Ne5 19. Nf3 Nxf3+ 20.
Bxf3 b5 21. fxe6 fxe6 22. e5 Ne8 23. exd6 Bxd6 24. Bxd6 Nxd6 25. cxb5 axb5 26. Kg2 Nf5 27. Ne4 h4 28. g4 Ng3 29. Qf2 Qf4 30. Rxc8 Rxc8 31.
Nxg3 hxg3 32. Qd2 e5 33. Qxf4 exf4 34. Rxd7 Rc2+ 35. Kg1 Rxa2 36. Rd4 Ra1+ 37. Rd1 Ra2 38. Be4 Kf7 39. Rd5 Re2 40. Rf5+ Ke7 41. Rxf4 g5 42.
Rf3 Rxe4 43. Rxg3 Re2 44. Rg2 Re3 45. Rf2 Rxh3 46. Rf5 Rxb3 47. Rxg5 Rb2 48. Rf5 Ke6 49. Rf8 Ke7 50. Rf5 b4 51. g5 Ke6 52. Rf8 Ke7 53. Rf4 b3 54. g6 Rc2 55. g7 b2 56. Re4+ Kf7 0-1

[Event "Early-Titled-Tuesday-Blitz-March-19-2024"]
[Site "Chess.com"]
[Date "2024.03.19"]
[Round "4"]
[White "IngOscarArdila"]
[Black "LiadCuba"]
[Result "0-1"]
[WhiteElo "2401"]
[BlackElo "2572"]
[TimeControl "180+1"]
[EndTime "8:40:52 PDT"]
[Termination "LiadCuba won by checkmate"]

1. d4 d5 2. c4 e6 3. Nc3 Nf6 4.
Bg5 Be7 5. Nf3 h6 6. Bh4 O-O 7. e3 a6 8. a4 c6 9. Qc2 Nbd7 10. Bd3 dxc4 11. Bxc4 Nd5 12. Bxe7 Qxe7 13. O-O Nxc3 14.
bxc3 e5 15. Rab1 b5 16. Bd3 Bb7 17. Rfd1 Rac8 18. Bh7+ Kh8 19. Bf5 exd4 20. Rxd4 Rcd8 21. Rbd1 Nb6 22. a5 Nd5 23. c4 Nf6 24. Qd2 Rxd4 25. exd4 Rd8 26. c5 Bc8 27. Bxc8 Rxc8 28. Ne5 Qc7 29.
Qf4 Kg8 30. h3 Nd5 31. Qf3 Re8 32. Re1 f6 33. Qh5 Qe7 34. f4 Nxf4 35. Qf3 Nd5 36. Nd3 Qf8 37. Rxe8 Qxe8 38. Qf5 Qe3+ 39. Kh2 Qxd4 40.
Qe6+ Kh8 41. Qe8+ Kh7 42. Ne1 Qf4+ 43. Kg1 Qe3+ 44. Qxe3 Nxe3 45. Kf2 Nc4 46. Nd3 Nxa5 47. Ke3 Nb7 48. Kd4 a5 49. Nf4 a4 50. Nd3 a3 51.
Nb4 Kg6 52. Nxc6 a2 53. Ne7+ Kf7 54. c6 Nd6 55. c7 Kxe7 56. Kc5 Nc8 57. Kc6 a1=Q 58.
Kb7 Kd7 59. Kb8 Nd6 60. c8=Q+ Nxc8 61. g4 Qa7# 0-1

[Event "Early-Titled-Tuesday-Blitz-March-19-2024"]
[Site "Chess.com"]
[Date "2024.03.19"]
[Round "4"]
[White "LeRoidesChampions"]
[Black "BilodeauA"]
[Result "0-1"]
[WhiteElo "2666"]
[BlackElo "3044"]
[TimeControl "180+1"]
[EndTime "8:40:53 PDT"]
[Termination "BilodeauA won by checkmate"]

1. d4 d5 2. Bf4 Nf6 3. e3 e6 4. Nf3 Bd6 5. Ne5 Nc6 6. Bb5 Bd7 7. Nxd7 Qxd7 8. Bxd6 Qxd6 9. Nd2 O-O 10. O-O Ne7 11. c4 c6 12. c5 Qc7 13. Bd3 e5 14.
dxe5 Qxe5 15. Qc2 g6 16. Nf3 Qc7 17. Nd4 Nd7 18. b4 a6 19. a4 Rfe8 20. Rab1 Kf8 21. Qc3 Ng8 22. Rfc1 Ngf6 23. h3 h5 24. b5 axb5 25. axb5 Ra2 26. bxc6 bxc6 27. Rb2 Rxb2 28.
Qxb2 Rb8 29. Qa3 Ne5 30. Rb1 Kg7 31. Rxb8 Qxb8 32. f4 Nxd3 33. Qxd3 Qa8 34. Qb3 Ne4 35. Qb2 Kh7 36. Nf3 Qa5 37. Qb7 Kg7 38. Qb2+ Kh7 39. Qb7 Kg7 40. Qb2+ Nc3 41. Qb6 Qa4 42. Qb2 Qc4 43.
Qb8 Qxc5 44. Qe5+ Kg8 45. Qe8+ Kg7 46. Ng5 Ne2+ 47. Kh2 Qa7 48. Qxc6 Qxe3 49. Ne6+ Qxe6 50. Qc7 Nd4 51. Qc3 Qf6 52. Qg3 Ne6 53. Qf2 Qxf4+ 54. Kh1 Qxf2 55. g4 Qf1+ 56. Kh2 Qf4+ 57. Kg2 hxg4 58. h4 Qf3+ 59. Kh2 g3+ 60. Kh3 Nf4# 0-1

[Event "Early-Titled-Tuesday-Blitz-March-19-2024"]
[Site "Chess.com"]
[Date "2024.03.19"]
[Round "4"]
[White "Sofia_Blokhin"]
[Black "viktorskliarov"]
[Result "1/2-1/2"]
[WhiteElo "2257"]
[BlackElo "2583"]
[TimeControl "180+1"]
[EndTime "8:40:53 PDT"]
[Termination "Game drawn by repetition"]

1. d4 Nf6 2. c4 e6 3. Nc3 Bb4 4. e3 b6 5. Bd3 Bb7 6. Nf3 Ne4 7. Qc2 f5 8. a3 Bxc3+ 9. bxc3 O-O 10. O-O d6 11. a4 a5 12. Ba3 Nd7 13. Nd2 Qh4 14. f3 Nxd2 15. Qxd2 Rae8 16. Rae1 e5 17. f4 e4 18. Bc2 Rf6 19. g3 Qh3 20. Qg2 Qxg2+ 21. Kxg2 c5 22. d5 Ba6 23. Bb3 Kf7 24. Rb1 Rg8 25.
h4 g6 26. Ba2 h6 27. Rh1 g5 28. hxg5 hxg5 29. Rh7+ Rg7 30. Rbh1 Rg6 31. Rxg7+ Rxg7 32. Kf2 gxf4 33. gxf4 Nf6 34. Rb1 Nd7 35. Rh1 Kg8 36. Rh5 Rh7 37. Rxh7 Kxh7 38. Bc1 Kg6 39. Bd2 Kh5 40. Be1 Kg6 41. Kg3 Nf6 42. Kf2 Ng4+ 43. Ke2 Kh5 44. Bg3 Nh6 45. Be1 Kg4 46. Bf2 Kh3 47. Be1 Ng4 48. Bd2 Nh2 49. Be1 Nf3 50.
Bf2 Kg2 51. Be1 Nxe1 52. Kxe1 Kf3 53. Kd2 Kf2 54. Bb3 Bc8 55. Bc2 Bd7 56. Bb3 Be8 57. Bc2 Bh5 58. Bb3 Be2 59. Ba2 Bd3 60. Bb3 Be2 61. Ba2 Bd3 62. Bb3 Be2 1/2-1/2

[Event "Early-Titled-Tuesday-Blitz-March-19-2024"]
[Site "Chess.com"]
[Date "2024.03.19"]
[Round "4"]
[White "InitiatingASC"]
[Black "ninguno46"]
[Result "1-0"]
[WhiteElo "2362"]
[BlackElo "2533"]
[TimeControl "180+1"]
[EndTime "8:40:53 PDT"]
[Termination "InitiatingASC won by resignation"]

1. d4 Nf6 2. c4 e6 3. Nc3 Bb4 4. e3 b6 5. Bd3 Bb7 6. f3 c5 7. Ne2 O-O 8. O-O d5 9. cxd5 cxd4 10. Nxd4 Nxd5 11. Nxd5 Bxd5 12. Qc2 h6 13. b3 Qc8 14. Qf2 Qc3 15. Qc2 Qxc2 16. Nxc2 Bc3 17. Rb1 Rc8 18. Rd1 Bb7 19. Bb2 Na6 20. Kf2 Bxb2 21. Rxb2 Nc5 22. Be2 a5 23. Nd4 e5 24. Nb5 Rd8 25. Rbd2 Rxd2 26.
Rxd2 Bc6 27. Rd6 Bxb5 28. Bxb5 Rb8 29. Ke2 Kf8 30. Rc6 Ke7 31. Rc7+ Kf6 32. Bc4 Ne6 33. Rc6 b5 34. Bxe6 fxe6 35. Kf2 a4 36. Kg3 axb3 37. axb3 Ra8 38. Rb6 Ra5 39. b4 Ra3 40. Rxb5 Rxe3 41. Rb8 Rb3 42. Kf2 Rb2+ 43. Kg3 g5 44. b5 h5 45. h3 h4+ 46. Kh2 Kg7 47. b6 Rb4 48. Rb7+ Kf6 49. Rb8 Kg7 50. b7 Kh7 51. Kg1 Kg7 52. Kf2 Rb2+ 53. Ke3 Rb4 54. Kd3 Rb1 55. Ke4 Rb5 56. Kd3 Kh7 57. Kc4 Rb1 58. Kc5 Kg7 59.
Kc6 e4 60. fxe4 Kh7 61. Rc8 Kg6 62. b8=Q Rxb8 63. Rxb8 Kf6 64. Kd6 1-0

[Event "Early-Titled-Tuesday-Blitz-March-19-2024"]
[Site "Chess.com"]
[Date "2024.03.19"]
[Round "4"]
[White "Muslim_player_05"]
[Black "JiiHart"]
[Result "1-0"]
[WhiteElo "2497"]
[BlackElo "2206"]
[TimeControl "180+1"]
[EndTime "8:40:54 PDT"]
[Termination "Muslim_player_05 won by resignation"]

1. d4 d5 2. c4 c5 3. cxd5 Qxd5 4.
Nf3 cxd4 5. Nc3 Qd8 6. Qxd4 Qxd4 7. Nxd4 a6 8. g3 Nf6 9. Bg2 e5 10. Nb3 Bb4 11. Bd2 O-O 12. a3 Be7 13. Na5 Nbd7 14. Nxb7 Rb8 15. Na5 Rxb2 16. Na4 Rc2 17. Kd1 Rc7 18.
Nc6 Bc5 19. Ba5 Rb7 20. Nxc5 Nxc5 21. Bb4 Rb5 22. a4 Rxb4 23. Nxb4 Bf5 24. Ke1 Nb3 25. Ra3 Na5 26. f3 Bd7 27. Kf2 Rb8 28.
Nd3 Nc4 29. Rc3 Be6 30. Rhc1 Rc8 31. Nxe5 Rd8 32. Nxc4 Bxc4 33. Rxc4 g6 34. Rc8 Rxc8 35. Rxc8+ Kg7 36. Ra8 Nd5 37. Rxa6 Nb4 38. Rb6 Nd5 39.
Rb7 Nc3 40. a5 Na4 41. a6 Nc5 42. a7 Nxb7 43. a8=Q Nc5 44. f4 Ne6 45. Bd5 Nc7 46. Qb7 Nxd5 47. Qxd5 h6 48. e4 Kf6 49. e5+ Kg7 50. Qd7 Kg8 51. e6 fxe6 52. Qxe6+ Kg7 53.
Qe7+ Kg8 54. Qf6 Kh7 55. Qf7+ Kh8 56. Qxg6 h5 57. Qxh5+ Kg8 58. f5 Kg7 59. Qg6+ Kh8 60. Qe6 Kg7 61. f6+ Kf8 62. Qe7+ 1-0

[Event "Early-Titled-Tuesday-Blitz-March-19-2024"]
[Site "Chess.com"]
[Date "2024.03.19"]
[Round "4"]
[White "GM_dmitrij"]
[Black "Eagle_2019"]
[Result "1-0"]
[WhiteElo "3082"]
[BlackElo "2863"]
[TimeControl "180+1"]
[EndTime "8:40:58 PDT"]
[Termination "GM_dmitrij won by resignation"]

1. e4 c5 2. Nf3 Nc6 3. Bb5 e6 4. O-O Nge7 5. Re1 a6 6. Bf1 Nd4 7. Nxd4 cxd4 8. c3 Nc6 9. d3 Bc5 10. Nd2 O-O 11. e5 Ba7 12. Qh5 f6 13. exf6 Qxf6 14.
Ne4 Qf7 15. Qxf7+ Rxf7 16. c4 Rf8 17. b3 d5 18. Nd6 Rf6 19. cxd5 Nb4 20. Nxc8 Rxc8 21.
dxe6 Nc2 22. Bg5 Rg6 23. Rac1 Rxg5 24. e7 Re8 25. Rxc2 Rc5 26. Rce2 Kf7 27. g3 Rc7 28. Bg2 Rexe7 29. Rxe7+ Rxe7 30. Rxe7+ Kxe7 31. Bxb7 a5 32. Kg2 Bc5 33. Kf3 Bb4 34. Ke4 Bc3 35. Ke5 Bb2 36. Be4 g6 37. h4 Bc3 38. Kf4 Be1 39. Kf3 Kf6 40. g4 Bd2 41. g5+ Kf7 42. Kg4 h6 43. gxh6 Bxh6 44. f4 Kf6 45. Bf3 Bf8 46.
Bc6 Bd6 47. Be8 Bc5 48. Kf3 Bb4 49. Ke4 Bd6 50. Bd7 Bc7 51. f5 gxf5+ 52. Bxf5 Bb6 53. h5 Kg5 54. Bg6 Bc5 55. Kd5 Ba7 56. Kc6 Bb8 57.
Kb6 Bg3 58. Kxa5 1-0